 Dungeon Crawl Stone Soup version 0.27.0-65-ge2af304b15 (webtiles) character file.

Game seed: 16322905636928427031

1448 shadowrider38 the Grappler (level 8, -6/63 HPs)
             Began as a Ghoul Monk on Aug 19, 2021.
             Was a High Priest of Jiyva.
             Mangled by a killer bee (8 damage)
             ... on level 6 of the Dungeon.
             The game lasted 00:15:32 (6903 turns).

shadowrider38 the Grappler (Ghoul Monk)             Turns: 6903, Time: 00:15:34

Health: -6/63      AC: 11    Str: 15    XL:     8   Next: 75%
Magic:  0/7        EV:  6    Int:  9    God:    Jiyva [*****.]
Gold:   425        SH:  0    Dex:  9    Spells: 7/7 levels left

rFire    . . .     SeeInvis +     - Unarmed
rCold    + . .     Faith    .   (no shield)
rNeg     + + +     Spirit   +   v - +0 chain mail
rPois    ∞         Reflect  .   j - +0 helmet
rElec    .         Harm     .   B - +1 cloak
rCorr    +         Rampage  .   (no gloves)
Will     .....                  (no boots)
Stlth    ..........             p - amulet of guardian spirit
HPRegen  0.00/turn              f - ring of see invisible
MPRegen  0.10/turn              (no ring)

@: inhibited regen
A: claws 1, cold resistance 1, negative energy resistance 3, inhibited
regeneration, torment resistance 2
a: Renounce Religion, Request Jelly, Slimify, Cure Bad Mutation


You were on level 6 of the Dungeon.
You worshipped Jiyva.
Jiyva was extremely pleased with you.
You visited 1 branch of the dungeon, and saw 7 of its levels.

You collected 425 gold pieces.

Inventory:

Hand Weapons
 l - a +4 hand axe of draining
Missiles
 g - 36 poisoned darts (quivered)
 k - 79 stones
 z - a curare-tipped dart
Armour
 d - the +1 leather armour of Blue Skies {rElec}
   (You found it on level 4 of the Dungeon)

   rElec:     It insulates you from electricity.
 j - a +0 helmet (worn)
 n - a +0 scale mail of willpower
 v - a +0 chain mail (worn)
 B - a +1 cloak (worn)
Jewellery
 f - a ring of see invisible (left claw)
 p - an amulet of guardian spirit (around neck)
 y - an amulet of guardian spirit
Wands
 s - a wand of mindburst (6)
Scrolls
 a - a scroll of fog {unknown}
 c - a scroll of vulnerability {unknown}
 e - 3 scrolls of identify {unknown}
 o - a scroll of silence {unknown}
 r - a scroll of enchant weapon {unknown}
 x - a scroll of noise {unknown}
 C - a scroll of magic mapping {unknown}
Potions
 b - 2 potions of flight {unknown}
 h - a potion of brilliance {unknown}
 i - a potion of cancellation
 m - 2 potions of degeneration {unknown}
 q - a potion of resistance {unknown}
 t - 2 potions of lignification {unknown}
 u - a potion of curing {unknown}
 w - a potion of berserk rage {unknown}
 A - a potion of heal wounds {unknown}


   Skills:
 - Level 3.2 Fighting
 - Level 2.0 Throwing
 - Level 0.8 Armour
 - Level 2.6 Dodging
 - Level 2.1 Stealth
 + Level 11.4 Unarmed Combat


You had 7 spell levels left.
You didn't know any spells.
Your spell library contained the following spells:

 Spells                   Type           Power      Damage    Failure   Level
 Animate Skeleton         Necr           0%         N/A       100%        1
 Apportation              Tloc           0%         N/A       100%        1
 Corona                   Hex            0%         N/A       100%        1
 Summon Small Mammal      Summ           0%         N/A       100%        1
 Conjure Flame            Conj/Fire      0%         6-21      100%        3
 Ignite Poison            Fire/Tmut/Pois 0%         N/A       100%        3
 Sticky Flame             Conj/Fire      0%         2d3       100%        4


Dungeon Overview and Level Annotations

Branches:
Dungeon (7/15)
 Temple: D:4-7

Altars:
Gozag
Jiyva

Shops:
D:1 =   D:5 *   D:7 *


Innate Abilities, Weirdness & Mutations

You thrive by killing the living.
You are immune to poison.
You have sharp fingernails.
Your flesh is cold resistant. (rC+)
You are immune to negative energy. (rN+++)
You do not regenerate when monsters are visible.
You are immune to unholy pain and torment.


Message History

You climb upwards.
There is a stone staircase leading down here.
You miss the killer bee. The killer bee stings you. x2
The killer bee stings you but does no damage.
The killer bee closely misses you.
You scratch the killer bee.
The killer bee is lightly wounded.
The killer bee barely misses you. The killer bee stings you.
The killer bee stings you but does no damage.
You claw the killer bee!
The killer bee is severely wounded.
The killer bee stings you but does no damage.
The killer bee completely misses you. The killer bee barely misses you.
Press: ? - help, v - describe, . - travel
Here: a killer bee (severely wounded)
The floor.
The killer bee stings you but does no damage. x2
The killer bee closely misses you.
The killer bee stings you but does no damage.
The killer bee closely misses you. x2
The killer bee completely misses you.
The killer bee stings you but does no damage.
The killer bee stings you but does no damage.
The killer bee stings you.
* * * LOW HITPOINT WARNING * * *
The killer bee stings you.
* * * LOW HITPOINT WARNING * * *
The killer bee stings you.
* * * LOW HITPOINT WARNING * * *
The killer bee stings you.
* * * LOW HITPOINT WARNING * * *
The killer bee closely misses you.
It was a potion of cancellation.
You feel magically purged.
The killer bee stings you but does no damage.
The killer bee stings you.
* * * LOW HITPOINT WARNING * * *
The killer bee stings you.
* * * LOW HITPOINT WARNING * * *
The killer bee stings you!
You die...

##...##.........
#....#..#....... ###
##......#......# ##.###
###.##.#......#
#..#.######.####..J....
#.....##..#.#..........
#.............##...###.
##.....y.......#.......
#....@y...........#...
#....##......##.#.#...
###..##......#........
#....###.............
##..##.....>#..###...
##.#..J.>..#..###...
##.............##...
#.J...####.#..##....
#.<..## ###..#....#


You could see 2 killer bees and a neutral jelly (wandering) (fellow slime).

Vanquished Creatures
  Sigmund (D:6)
  Edmund (D:4)
  A water moccasin (D:4)
  2 ice beasts (D:6)
  An ogre (D:5)
  A kobold brigand (D:6)
  A scorpion (D:6)
  A water moccasin skeleton (D:5)
  A killer bee (D:7)
  3 howler monkeys (D:7)
  A bullfrog zombie (D:5)
  A centaur zombie (D:3)
  2 orc priests
  A hound (D:4)
  A centaur skeleton (D:6)
  A bullfrog skeleton (D:4)
  An iguana (D:5)
  4 orc wizards
  A killer bee zombie (D:6)
  2 hound skeletons (D:4)
  Robin (D:2)
  2 gnolls
  A howler monkey skeleton (D:4)
  5 adders
  3 dart slugs
  9 orcs
  5 endoplasms (D:1)
  3 giant cockroaches
  15 goblins
  12 hobgoblins
  A jackal (D:4)
  25 kobolds
  A quokka (D:4)
  6 ball pythons
  3 bats
  2 frilled lizards (D:2)
  4 rats
126 creatures vanquished.

Vanquished Creatures (others)
  2 ogres
  A scorpion (D:4)
  A water moccasin skeleton (D:4)
  A hound (D:4)
  5 jellies
  3 orc priests
  A bullfrog skeleton (D:5)
  An iguana (D:3)
  2 adders
  2 shadow imps (D:5)
  A worm (D:3)
  A dart slug (D:4)
  4 orcs
  6 endoplasms
  3 giant cockroaches (D:4)
  4 goblins
  A hobgoblin (D:4)
  2 jackals (D:3)
  3 quokkas
  2 ball pythons
  A bat (D:3)
  55 plants
102 creatures vanquished.

Grand Total: 228 creatures vanquished

Notes
Turn   | Place    | Note
-------+----------+-------------------------------------------
     0 | D:1      | shadowrider38 the Ghoul Monk began the quest for the Orb.
     0 | D:1      | Reached XP level 1. HP: 19/19 MP: 0/0
   121 | D:1      | Reached XP level 2. HP: 18/26 MP: 1/1
   141 | D:1      | Reached skill level 4 in Unarmed Combat
   310 | D:1      | Found Woadui's Jewellery Emporium.
   801 | D:1      | Reached XP level 3. HP: 31/31 MP: 2/2
   814 | D:1      | Found a faded altar of an unknown god.
  1086 | D:1      | Became a worshipper of Jiyva Jujit the Shapeless
  1086 | D:1      | Reached * piety under Jiyva
  1086 | D:1      | Reached ** piety under Jiyva
  1247 | D:1      | Reached *** piety under Jiyva
  1347 | D:2      | Reached skill level 5 in Unarmed Combat
  1413 | D:2      | Reached XP level 4. HP: 38/38 MP: 3/3
  1445 | D:2      | Noticed Robin
  1605 | D:2      | Killed Robin
  2047 | D:3      | Reached XP level 5. HP: 12/45 MP: 4/4
  2328 | D:3      | Reached **** piety under Jiyva
  2329 | D:3      | Reached skill level 6 in Unarmed Combat
  3101 | D:4      | Noticed Edmund
  3119 | D:4      | Killed Edmund
  3120 | D:4      | Reached skill level 7 in Unarmed Combat
  3120 | D:4      | Reached XP level 6. HP: 13/51 MP: 5/5
  3571 | D:4      | Noticed a water moccasin
  3584 | D:4      | Killed a water moccasin
  3585 | D:4      | Reached skill level 8 in Unarmed Combat
  3585 | D:4      | Reached XP level 7. HP: 34/57 MP: 6/6
  3946 | D:4      | Reached ***** piety under Jiyva
  4072 | D:4      | Identified the +1 leather armour of Blue Skies {rElec}
  4078 | D:4      | Noticed a slime creature
  4078 | D:4      | an orc warrior changed into a slime creature
  4768 | D:5      | Entered Level 5 of the Dungeon
  4773 | D:5      | Reached skill level 1 in Throwing
  4773 | D:5      | Reached skill level 9 in Unarmed Combat
  4826 | D:5      | Found Cabelango's Assorted Antiques.
  4870 | D:5      | Found a transporter.
  5054 | D:5      | Found a transporter.
  5503 | D:5      | Found an opulent altar of Gozag.
  5938 | D:6      | Noticed Sigmund
  5963 | D:6      | Killed Sigmund
  5964 | D:6      | Reached skill level 10 in Unarmed Combat
  5964 | D:6      | Reached XP level 8. HP: 61/63 MP: 7/7
  6644 | D:6      | Reached skill level 11 in Unarmed Combat
  6811 | D:7      | Found Meas's Neck Hole.
  6903 | D:6      | HP: 2/63 [killer bee (2)]
  6903 | D:6      | Mangled by a killer bee

Illustrated notes

Levels and vault maps discovered:
D:1:      minmay_arrival_diagonal_passages, layout_basic, serial_shops, shop,
          shapermc_ecumenical_altar_petra, minmay_misc_feat_five,
          minmay_tiny_reverse_x
D:2:      layout_basic, serial_glass, glass_columns_b, glass_columns_c,
          uniq_robin
D:3:      minmay_recursive_quarters, layout_loops_cross,
          hangedman_decor_clover_reticule, kennysheep_generic_room_3
D:4:      minmay_polygon_palace, layout_loops_corners, uniq_edmund
D:5:      gammafunk_wand_slinger, layout_loops_corners,
          nicolae_gozag_seed_capital, serial_shops,
          nicolae_shop_temple_entry_statues_fountains
D:6:      kennysheep_kobold_camp, layout_cave_pools, uniq_sigmund
D:7:      layout_rooms, minmay_temple_entry_hall,
          nicolae_shop_sticking_my_neck_out, uniq_menkaure

Skill      XL: |  1  2  3  4  5  6  7  8 |
---------------+-------------------------+-----
Unarmed Combat | 4 5 7 8 10 11 | 11.4
Throwing       | 2 |  2.0
Fighting       | |  3.2
Armour         | |  0.8
Dodging        | |  2.6
Stealth        | |  2.1

Action                   |  1- 3 |  4- 6 |  7- 9 || total
-------------------------+-------+-------+-------++-------
Melee: Unarmed           |    90 |   128 |   227 ||   445
       Punch             |       |       |     4 ||     4
Throw: Dart              |       |     6 |    19 ||    25
Invok: Slimify           |       |       |     1 ||     1
  Use: Potion            |       |       |     1 ||     1
Armor: Robe              |     6 |       |       ||     6
       Ring mail         |    23 |    33 |       ||    56
       Scale mail        |       |    13 |    25 ||    38
       Chain mail        |       |       |   109 ||   109
Dodge: Dodged            |    43 |    54 |    84 ||   181
